 Seeded DCSS version 0.27.0-1-g7a089689b8 (webtiles) character file.

Game seed: 666 (custom seed)

130 dduke234 the Skirmisher (level 4, 0/40 HPs)
             Began as a Draconian Fighter on Aug 13, 2021.
             Was a Believer of Trog.
             Slain by an orc (1 damage)
             ... on level 3 of the Dungeon.
             The game lasted 00:03:30 (2212 turns).

dduke234 the Skirmisher (Draconian Fighter)         Turns: 2212, Time: 00:03:30

Health: 0/40       AC:  5    Str: 20    XL:     4   Next: 89%
Magic:  4/4        EV: 10    Int:  8    God:    Trog [**....]
Gold:   135        SH: 10    Dex: 10    Spells: 3/3 levels left

rFire    . . .     SeeInvis .   a - +0 flail
rCold    . . .     Faith    .   b - +1 kite shield
rNeg     . . .     Spirit   .   (armour unavailable)
rPois    .         Reflect  .   (helmet restricted)
rElec    .         Harm     .   (no cloak)
rCorr    .         Rampage  .   (no gloves)
Will     .....                  (no boots)
Stlth    +.........             (no amulet)
HPRegen  0.13/turn              (no ring)
MPRegen  0.09/turn              (no ring)

@: hasted, very quick
A: AC +5, unfitting armour, cold-blooded
a: Renounce Religion, Berserk, Trog's Hand


You were on level 3 of the Dungeon.
You worshipped Trog.
Trog was pleased with you.
You visited 1 branch of the dungeon, and saw 3 of its levels.

You collected 135 gold pieces.

Inventory:

Hand Weapons
 a - a +0 flail (weapon)
Armour
 b - a +1 kite shield (worn)
Scrolls
 f - a scroll of immolation {unknown}
Potions
 c - a potion of might
 d - a potion of brilliance
 g - a potion of attraction {unknown}


   Skills:
 * Level 4.1 Fighting
 * Level 3.6 Maces & Flails
 - Level 2.6 Dodging
 * Level 1.2 Stealth
 * Level 3.8 Shields


You had 3 spell levels left.
You didn't know any spells.
Your spell library was empty.

Dungeon Overview and Level Annotations

Branches:
Dungeon (3/15)

Altars:
Gozag
Trog


Innate Abilities, Weirdness & Mutations

Your plain brown scales are hard. (AC +5)
You cannot fit into any form of body armour.
You are cold-blooded and may be slowed by cold attacks.


Message History

The orc throws a boomerang.
You block the boomerang.
You hear the slow rusting of a very distant drain.
The orc throws a boomerang.
You block the boomerang.
The orc throws a boomerang.
The boomerang barely misses you.
The orc throws a boomerang.
The boomerang hits you.
The orc throws a boomerang.
You block the boomerang.
The orc throws a boomerang.
You block the boomerang.
The orc throws a boomerang.
You block the boomerang.
The orc throws a boomerang.
You block the boomerang.
The orc throws a boomerang.
You block the boomerang.
The orc priest shouts!
The orc hits you with a +0 club.
You hit the orc.
The orc is moderately wounded.
The orc barely misses you. The orc misses you.
You completely miss the orc priest. The orc priest completely misses you.
The orc hits you with a +0 club. You block the orc priest's attack.
You hit the orc priest.
The orc priest is lightly wounded.
The orc barely misses you. You block the orc priest's attack.
The orc hits you but does no damage.
You hit the orc priest.
The orc priest is moderately wounded.
The orc priest barely misses you. The orc closely misses you.
You hit the orc priest.
The orc priest is severely wounded.
The orc priest barely misses you. The orc hits you with a +0 club.
You block the orc wizard's attack. You block the orc priest's attack.
The orc hits you with a +0 club.
* * * LOW HITPOINT WARNING * * *
You feel yourself speed up.
The orc wizard points at you and mumbles some strange words.
The magic dart hits you.
* * * LOW HITPOINT WARNING * * *
The orc priest invokes the aid of Beogh against you.
Pain shoots through your body!
* * * LOW HITPOINT WARNING * * *
The orc hits you with a +0 club.
You die...

...........).........[........#
o.........#)..................#
..........##......#...........#
o.........##.####.#.##........#
....(..........##.#.##........#
...........#....#.#.##.........
.<.........#...##.#.#####.#....
....>.....##.#oo..#+### #.#....
..... #.#@........ #.#.... ....
#.#.o....... #.###.. ....
#.#......... #.# #..
#.#......... #.# #..
#.#......... #.# #..
..#......... #.# #.. ####.#####
#.. ..# ### ..#


You could see an orc priest, an orc wizard and an orc.

Vanquished Creatures
  2 orc priests (D:3)
  2 adders (D:2)
  2 dart slugs (D:2)
  A ball python (D:2)
  8 bats
  4 endoplasms
  2 giant cockroaches
  6 goblins (D:2)
  2 hobgoblins
  7 kobolds
  5 quokkas
  4 frilled lizards
  2 rats
47 creatures vanquished.

Notes
Turn   | Place    | Note
-------+----------+-------------------------------------------
     0 | D:1      | dduke234 the Draconian Fighter began the quest for the Orb.
     0 | D:1      | Reached XP level 1. HP: 19/19 MP: 1/1
   224 | D:1      | Reached XP level 2. HP: 26/26 MP: 2/2
   591 | D:1      | Found a faded altar of an unknown god.
   599 | D:1      | Became a worshipper of Trog the Wrathful
   599 | D:1      | Reached * piety under Trog
  1153 | D:2      | Reached XP level 3. HP: 31/33 MP: 3/3
  1453 | D:2      | Found an opulent altar of Gozag.
  1739 | D:2      | Reached XP level 4. HP: 40/40 MP: 4/4
  1794 | D:2      | Reached ** piety under Trog
  2154 | D:3      | Reached skill level 4 in Fighting
  2154 | D:3      | Reached skill level 1 in Stealth
  2212 | D:3      | HP: 1/40 [orc priest/nerve-wracking pain (5)]
  2212 | D:3      | Slain by an orc

Illustrated notes

Levels and vault maps discovered:
D:1:      wander_arrival_lonely_grave, layout_basic,
          shapermc_ecumenical_altar_petra
D:2:      kennysheep_six_static_rooms, layout_basic, basic_altar
D:3:      layout_basic, nicolae_ru_path_of_blood, portal_sewer_entry_e

Skill      XL: |  1  2  3  4 |
---------------+-------------+-----
Maces & Flails | 3 |  3.6
Fighting       | 4 |  4.1
Stealth        | 1 |  1.2
Dodging        | |  2.6
Shields        | |  3.8

Action                   |  1- 3 |  4- 6 || total
-------------------------+-------+-------++-------
Melee: Flail             |   108 |    20 ||   128
       Tailslap          |     9 |     1 ||    10
  Use: Scroll            |     1 |     3 ||     4
       Potion            |     1 |     1 ||     2
 Stab: Sleeping          |     5 |       ||     5
Armor: Skin              |    22 |     3 ||    25
Dodge: Dodged            |    40 |    13 ||    53
Block: Kite shield       |    63 |    22 ||    85
